 Dungeon Crawl Stone Soup version 0.30.1-4-g462c640d31 (webtiles) character file.

Game seed: 631290028240699749

68 LynnLen the Sneak (level 4, -13/21 HPs)
             Began as a Spriggan Enchanter on Aug 30, 2023.
             Mangled by a sleepcap (16 damage)
             ... on level 3 of the Dungeon.
             The game lasted 00:09:25 (2682 turns).

LynnLen the Sneak (Spriggan Enchanter)              Turns: 2682, Time: 00:09:26

Health: -13/21     AC:  3    Str:  4    XL:     4   Next: 1%
Magic:  5/9        EV:  4    Int: 18    God:
Gold:   158        SH:  0    Dex: 15    Spells: 1/9 levels left

rFire   . . .        a - +1 dagger
rCold   . . .        (no shield)
rNeg    . . .        b - +1 robe
rPois   .            (helmet restricted)
rElec   .            (no cloak)
rCorr   .            (gloves unavailable)
SInv    +            (boots unavailable)
Will    .....        (no amulet)
Stlth   +++          (no ring)
HPRegen 0.23/turn    (no ring)
MPRegen 0.11/turn

%: no passive effects
@: confusing by touch, sleeping, very quick
A: very small, no large weapons, unfitting armour, see invisible, speed 3
a: no special abilities


You were on level 3 of the Dungeon.
You visited 1 branch of the dungeon, and saw 3 of its levels.

You collected 158 gold pieces.

Inventory:

Hand Weapons
 a - a +1 dagger (weapon)
Armour
 b - a +1 robe (worn)
Potions
 c - 2 potions of invisibility
 d - a potion of might
 e - a potion of haste {unknown}
 f - a potion of flight {unknown}
 i - 2 potions of cancellation {unknown}
 j - 2 potions of curing {unknown}
 k - 3 potions of brilliance


   Skills:
 + Level 0.7 Fighting
 + Level 1.7 Short Blades
 + Level 3.1 Dodging
 + Level 4.9 Stealth
 + Level 3.1 Spellcasting
 * Level 4.2 Hexes
 * Level 1.0 Ice Magic


You had one spell level left.
You knew the following spells:

 Your Spells              Type           Power      Damage    Failure   Level
a - Ensorcelled Hibernat  Hex/Ice        24%        N/A       9%          2
b - Confusing Touch       Hex            18%        N/A       9%          3
c - Tukima's Dance        Hex            18%        N/A       9%          3

Your spell library contained the following spells:

 Spells                   Type           Power      Damage    Failure   Level
 Apportation              Tloc           4%         N/A       16%         1
 Necrotise                Necr           8%         1d4       16%         1
 Sandblast                Erth           4%         2d4       16%         1
 Summon Small Mammal      Summ           8%         N/A       16%         1
 Dazzling Flash           Conj/Hex       20%        N/A       21%         3
 Passwall                 Tmut/Erth      1%         N/A       24%         2
 Stone Arrow              Conj/Erth      4%         3d7       43%         3


Dungeon Overview and Level Annotations

Branches:
Dungeon (3/15)

Altars:
Cheibriados
Gozag

Shops:
D:3 *

Annotations:
D:3 Grinder


Innate Abilities, Weirdness & Mutations

You are very small and have problems with some larger weapons.
You are too small for most types of armour.
You have supernaturally acute eyesight. (SInv)
You cover ground extremely quickly. (Speed+++)


Message History

The sleepcap is lightly damaged.
The sleepcap releases spores at you but does no damage.
You hit the sleepcap but do no damage.
The sleepcap is lightly damaged.
The sleepcap closely misses you.
You hit the sleepcap.
The sleepcap is moderately damaged.
The sleepcap completely misses you.
You hit the sleepcap but do no damage.
The sleepcap is moderately damaged.
You hit the sleepcap.
The sleepcap is moderately damaged.
The sleepcap barely misses you.
The sleepcap releases spores at itself.
You hit the sleepcap.
The sleepcap is heavily damaged.
You completely miss the sleepcap.
The sleepcap is heavily damaged.
The sleepcap barely misses you.
You hit the sleepcap but do no damage.
The sleepcap is heavily damaged.
You completely miss the sleepcap.
The sleepcap is heavily damaged.
The sleepcap seems less confused.
The sleepcap releases spores at you.
You hit the sleepcap but do no damage.
The sleepcap is heavily damaged.
The sleepcap releases spores at you.
You hit the sleepcap but do no damage.
The sleepcap is heavily damaged.
The sleepcap closely misses you.
Casting: Confusing Touch (quite dangerous; 9% risk of failure)
Confirm with . or Enter, or press ? or * to list all spells.
The spell is quite dangerous to miscast (9% risk of failure)!
Continue anyway?
Your hands begin to glow red.
The sleepcap releases spores at you!
* * * LOW HITPOINT WARNING * * *
You are engulfed in a cloud of soporific spores!
You fall asleep.
The sleepcap barely misses you. The sleepcap releases spores at you!
Ouch! That really hurt!
You die...

#.# #.# #.#####
#..[..#
######.#.#.#
##..........#
###..#######..#
###...##.....#f.#
#..)#.#.#####@..#
#.###.#.#_.'##.##
####.# #.#.#<.#.#.#
.....###.#.####.#.#
<........##....##.#
......##..######..#
#####.##.........##
#.##.......###
#.####.#####


You could see a sleepcap.

Vanquished Creatures
  2 adders (D:2)
  A worm (D:3)
  An orc (D:3)
  2 bats (D:1)
  8 endoplasms
  2 giant cockroaches
  4 hobgoblins
  4 kobolds
  5 quokkas
  5 ball pythons
  4 frilled lizards
  5 rats
43 creatures vanquished.

Notes
Turn   | Place    | Note
-------+----------+-------------------------------------------
     0 | D:1      | LynnLen the Spriggan Enchanter began the quest for the Orb.
     0 | D:1      | Reached XP level 1. HP: 9/9 MP: 5/5
   459 | D:1      | Reached XP level 2. HP: 13/13 MP: 6/6
   462 | D:1      | Learned a level 2 spell: Ensorcelled Hibernation
  1307 | D:2      | Reached XP level 3. HP: 17/17 MP: 5/8
  1628 | D:2      | Reached skill level 1 in Ice Magic
  2036 | D:3      | Found an opulent altar of Gozag.
  2036 | D:3      | Found Gozag's Platinum Reserve.
  2311 | D:3      | Found a faded altar of an unknown god.
  2433 | D:3      | Noticed Grinder
  2454 | D:3      | Learned a level 3 spell: Confusing Touch
  2458 | D:3      | Learned a level 3 spell: Tukima's Dance
  2494 | D:3      | Found a snail-covered altar of Cheibriados.
  2500 | D:3      | Reached XP level 4. HP: 21/21 MP: 9/9
  2682 | D:3      | Mangled by a sleepcap

Illustrated notes

Levels and vault maps discovered:
D:1:      psy_arrival_fountain, layout_loops_corners
D:2:      layout_loops_cross, chequers_serial_rivers_small_a
D:3:      layout_loops_ring, nicolae_gozag_zags_fifth_avenue,
          chei_slow_surprise, mainiacjoe_overflow_catwalk,
          chequers_ecumenical_altar_simple_redux, minmay_lizard_king,
          uniq_grinder

Skill      XL: |  1  2  3 |
---------------+----------+-----
Hexes          | 4 |  4.2
Dodging        | 3 |  3.1
Spellcasting   | 3 |  3.1
Ice Magic      | 1 |  1.0
Fighting       | |  0.7
Short Blades   | |  1.7
Stealth        | |  4.9

Action                     |  1- 3 |  4- 6 || total
---------------------------+-------+-------++-------
  Melee: Dagger            |   124 |    21 ||   145
         Punch             |     3 |       ||     3
   Cast: Ensorcelled Hiber |    17 |       ||    17
         Confusing Touch   |       |     3 ||     3
    Use: Scroll            |     7 |       ||     7
   Stab: Sleeping          |    30 |       ||    30
         Distracted        |       |     1 ||     1
 Armour: Robe              |     5 |     1 ||     6
  Dodge: Dodged            |    51 |    12 ||    63
